 Dungeon Crawl Stone Soup version 0.32-a0-815-g315f82d515 (webtiles) character file.

Game seed: 3178909374204361206

7070 GeoRichter the Grappler (level 10, -7/88 HPs)
             Began as a Black Draconian Shapeshifter on Mar 23, 2024.
             Was an Elder of Makhleb.
             Mangled by a cane toad (8 damage)
             ... while petrified by a basilisk
             ... on level 1 of the Lair of Beasts.
             The game lasted 00:17:57 (10516 turns).

GeoRichter the Grappler (DrSh)                     Turns: 10516, Time: 00:17:57

Health: -7/88      AC:  7    Str: 16    XL:     10   Next: 83%
Magic:  24/24      EV:  2    Int: 11    God:    Makhleb [****..]
Gold:   1475       SH:  0    Dex: 15    Spells: 9/9 levels left

rFire   . .          .
                       - Unarmed
rCold   + . .        f - +0 buckler
rNeg    + + +        (body armour unavailable)
rPois   ∞            (helmet currently unavailable)
rElec   +            (cloak currently unavailable)
rCorr   +            (gloves currently unavailable)
SInv    .            (boots currently unavailable)
Will    .....        h - amulet of the Lost Forging Tales {Reflect rF+ rCorr SH+5}
Stlth   +            p - ring of Spring {Ice rPois rN+ MP+9}
HPRegen 0.34/turn    (no ring)
MPRegen 0.19/turn

%: reflection
@: lethally poisoned (-7 -> -7), beast-form, petrified
A: beast (slay +3), galvanic breath, AC +7, unfitting armour, electricity
resistance, cold-blooded
a: Galvanic Breath, Begin Untransformation, Renounce Religion, Minor
Destruction, Lesser Servant of Makhleb, Major Destruction


You were on level 1 of the Lair of Beasts.
You worshipped Makhleb.
Makhleb was greatly pleased with you.
You were a hulking beast.
You visited 2 branches of the dungeon, and saw 10 of its levels.
You also visited: Bailey.

You collected 1475 gold pieces.

Inventory:

Hand Weapons
 t - the +6 long sword "Leviticus" {flame, rF+ rC- rCorr}
   (You found it on level 5 of the Dungeon)

   rF+:       It protects you from fire.
   rC-:       It makes you vulnerable to cold.
   rCorr:     It protects you from acid and corrosion.
Missiles
 u - 6 javelins
 x - 2 curare-tipped darts {!f}
 C - a throwing net {!f}
Armour
 b - a +0 cloak
   (You took it off Maurice on level 8 of the Dungeon)
 f - a +0 buckler (worn)
   (You found it on level 1 of the Dungeon)
Jewellery
 h - the amulet of the Lost Forging Tales (around neck) {Reflect rF+ rCorr SH+5}
   (You acquired it in a bailey)

   [amulet of reflection]

   Reflect:   It reflects blocked missile attacks.
   rF+:       It protects you from fire.
   rCorr:     It protects you from acid and corrosion.
   SH+5:      It affects your SH (+5).
 p - the ring of Spring (left hand) {Ice rPois rN+ MP+9}
   (You acquired it in a bailey)

   [ring of ice]

   Ice:       It enhances your ice magic.
   rF-:       It makes you vulnerable to fire.
   rC+:       It protects you from cold.
   rPois:     It protects you from poison.
   rN+:       It protects you from negative energy.
   MP+9:      It affects your magic capacity (+9).
Talismans
 c - a flux talisman
 r - a beast talisman (active)
Wands
 l - a wand of flame (43)
   (You found it on level 2 of the Dungeon)
 s - a wand of light (8)
   (You took it off Ijyb on level 5 of the Dungeon)
 w - a wand of mindburst (15)
   (You found it on level 6 of the Dungeon)
Scrolls
 d - 3 scrolls of fog
 g - 6 scrolls of teleportation {@r4}
 k - a scroll of silence
 m - 2 scrolls of enchant armour
 q - 3 scrolls of poison {!r}
 y - a scroll of vulnerability {unknown}
 z - a scroll of fear {unknown}
 A - a scroll of identify {@r1}
Potions
 a - 3 potions of lignification {!q}
 e - a potion of magic {unknown}
 i - 2 potions of curing {unknown}
 j - 2 potions of heal wounds {unknown}
 n - 3 potions of enlightenment
 o - a potion of attraction {unknown}
 v - 4 potions of mutation {!q}
 B - a potion of degeneration {unknown}


   Skills:
 + Level 8.2 Fighting
 - Level 1.7 Dodging
 * Level 11.7 Unarmed Combat
 + Level 7.9 Invocations
 + Level 6.7 Shapeshifting


You had 9 spell levels left.
You didn't know any spells.
Your spell library contained the following spells:

 Spells                   Type           Power      Damage    Failure   Level
 Ensorcelled Hibernation  Hex/Ice        0%         N/A       56%         2
 Sublimation of Blood     Necr           0%         N/A       56%         2
 Frozen Ramparts          Ice            0%         1d1       80%         3
 Fugue of the Fallen      Necr           0%         N/A       80%         3
 Ozocubu's Armour         Ice            0%         N/A       80%         3
 Passwall                 Erth           0%         N/A       80%         3
 Volatile Blastmotes      Fire/Tloc      0%         2d10      80%         3
 Anguish                  Hex/Necr       0%         N/A       99%         4
 Petrify                  Alch/Erth      0%         N/A       99%         4
 Irradiate                Conj/Alch      0%         3d11      100%        5
 Metabolic Englaciation   Hex/Ice        0%         N/A       100%        5
 Bombard                  Conj/Erth      0%         9d1       100%        6


Dungeon Overview and Level Annotations

Branches:
Dungeon (9/15) Zot: 25993  Temple (0/1) D:4            Lair (1/5) D:9 Zot: 5983
    Orc (0/2) D:9          Bailey (visited)

Altars:
Dithmenos
Gozag
Hepliaklqana
Makhleb
Sif Muna
Xom

Shops:
D:7 :   D:8 :

Annotations:
D:7 1 runed translucent door, paps's ghost, novice TrBe
D:8 1 runed translucent door, GreedOfGod's ghost, novice CoBe


Innate Abilities, Weirdness & Mutations

You are a hulking beast.
Your limbs bulge with bestial killing power. (Slay +3)
You are immune to poison.
You can breathe arcing electricity.
Your glossy black scales are hard. (AC +7)
You cannot fit into any form of body armour.
You are resistant to electric shocks. (rElec)
You are cold-blooded and may be slowed by cold attacks.


Message History

Makhleb accepts your kill.
You feel better.
You feel sick.
Your smoke demon hits the cane toad. x2
The cane toad dies!
Makhleb accepts your kill. The basilisk gazes at you.
You are slowing down.
Your smoke demon is unaffected.
You feel power welling in your lungs.
You barely miss the yak.
Your smoke demon gestures at the basilisk.
The ball of steam hits the basilisk!
The yak gores you but does no damage.
The basilisk is engulfed in a cloud of scalding steam.
Your limbs are stiffening.
You punch the yak!
The yak is moderately wounded.
The yak gores you but does no damage. You block the yak's attack.
The cane toad barely misses you.
You have turned to stone.
Your smoke demon gestures at the basilisk.
The pyre arrow hits the basilisk.
The yak gores you. The cane toad stings you!
* * * LOW HITPOINT WARNING * * *
The flames covering the basilisk go out.
The basilisk stops burning.
Your smoke demon gestures at the basilisk.
The ball of steam hits the basilisk!
The basilisk dies!
Makhleb accepts your kill. The yak gores you but does no damage.
The yak gores you!
* * * LOW HITPOINT WARNING * * *
The cane toad stings you!!
* * * LOW HITPOINT WARNING * * *
Your smoke demon hits the yak. x2
Your smoke demon hits the yak but does no damage.
The yak gores you.
* * * LOW HITPOINT WARNING * * *
The yak gores you!
* * * LOW HITPOINT WARNING * * *
The cane toad stings you but does no damage.
The cane toad stings you.
* * * LOW HITPOINT WARNING * * *
Your smoke demon barely misses the yak.
Your smoke demon hits the yak. x2
The yak gores you!
* * * LOW HITPOINT WARNING * * *
The yak gores you!
* * * LOW HITPOINT WARNING * * *
The yak gores you!
* * * LOW HITPOINT WARNING * * *
The yak gores you!
* * * LOW HITPOINT WARNING * * *
The cane toad stings you!
You die...

... ... ....
##... .
###.#....
###....#.#
#.#..FY....##
#...~Yh.~~..#
#P..~~YY.~§~..#
....≈≈≈~3~~≈~..
...~~~≈≈≈≈≈~~§.
....~≈≈≈≈≈≈~...
....~~≈≈~~~....
......~≈~.~....
...............


You could see 4 yaks, a cane toad and a friendly smoke demon (summoned).

Vanquished Creatures
  An orc high priest (Bailey)
  An orc knight (Bailey)
  Maurice (D:8)
  A troll (D:9)
  2 yaks
  2 wyverns
  A basilisk (D:9)
  A steam dragon (D:8)
  Duvessa (D:7)
  2 water moccasins
  11 orc warriors
  A sky beast (D:7)
  3 black bears
  An ogre (D:4)
  3 centaurs
  A phantom (D:6)
  3 scorpions
  5 wights
  Dowan (D:7)
  4 howler monkeys (D:9)
  4 electric eels (Bailey)
  2 jellies
  5 hounds
  3 orc priests (D:9)
  Jessica (D:2)
  Ijyb (D:5)
  4 iguanas
  4 orc wizards
  6 gnolls
  9 adders
  2 shadow imps
  2 white imps (D:7)
  An ufetubus (D:5)
  4 ribbon worms
  33 orcs
  6 ball pythons
  7 bats
  9 endoplasms
  A giant cockroach (D:1)
  14 goblins
  10 hobgoblins
  7 jackals (D:1)
  6 quokkas
  3 frilled lizards
  7 kobolds
  3 rats
200 creatures vanquished.

Vanquished Creatures (collateral kills)
  A cane toad (Lair:1)
  A kobold demonologist (Bailey)
  A basilisk (Lair:1)
  A water moccasin (Lair:1)
  A centaur (D:8)
  A wight (D:8)
  A hobgoblin (Bailey)
7 creatures vanquished.

Grand Total: 207 creatures vanquished

Notes
Turn   | Place    | Note
-------+----------+-------------------------------------------
     0 | D:1      | GeoRichter the Draconian Shapeshifter began the quest for
                  | the Orb.
     0 | D:1      | Reached XP level 1. HP: 16/16 MP: 1/1
    17 | D:1      | Found a faded altar of an unknown god.
    29 | D:1      | Prayed at the altar of an unknown god.
    29 | D:1      | Became a worshipper of Makhleb the Destroyer
    29 | D:1      | Reached * piety under Makhleb
   163 | D:1      | Reached XP level 2. HP: 23/23 MP: 2/2
   369 | D:1      | Reached skill level 4 in Unarmed Combat
  1212 | D:2      | Reached XP level 3. HP: 28/28 MP: 3/3
  1251 | D:2      | Noticed Jessica
  1262 | D:2      | Killed Jessica
  1556 | D:2      | Reached skill level 5 in Unarmed Combat
  1556 | D:2      | Reached XP level 4. HP: 35/35 MP: 4/4
  2198 | D:3      | Reached ** piety under Makhleb
  2438 | D:3      | You fall into a shaft and drop 1 floor!
  2440 | D:4      | Noticed an ogre
  2497 | D:4      | Noticed a scorpion
  2505 | D:4      | Noticed a black bear
  3125 | D:4      | Reached XP level 5. HP: 41/41 MP: 5/5
  3204 | D:4      | Reached skill level 1 in Invocations
  3377 | D:4      | Killed a black bear
  3378 | D:4      | Reached skill level 6 in Unarmed Combat
  3378 | D:4      | Reached XP level 6. HP: 41/50 MP: 5/7
  3582 | D:4      | Found a staircase to the Ecumenical Temple.
  4005 | D:5      | Entered Level 5 of the Dungeon
  4015 | D:5      | Your scales start taking on a glossy black colour.
  4015 | D:5      | Reached XP level 7. HP: 54/57 MP: 7/9
  4015 | D:5      | Gained mutation: You are resistant to electric shocks.
                  | (rElec) [Black Draconian growth]
  4320 | D:5      | Noticed Ijyb
  4337 | D:5      | Reached skill level 7 in Unarmed Combat
  4342 | D:5      | Killed Ijyb
  4566 | D:5      | Reached *** piety under Makhleb
  4676 | D:5      | Identified the +6 long sword "Leviticus" {flame, rF+ rC-
                  | rCorr}
  5254 | D:6      | Reached XP level 8. HP: 62/67 MP: 10/10
  5583 | D:7      | Found Itiakkiu's Book Shoppe.
  5716 | D:7      | Found a runed translucent door.
  5716 | D:7      | Noticed paps's ghost (novice TrBe)
  5746 | D:7      | Reached skill level 8 in Unarmed Combat
  5919 | D:7      | Noticed Dowan
  5950 | D:7      | Reached skill level 5 in Fighting
  5963 | D:7      | Killed Dowan
  6087 | D:7      | Noticed Duvessa
  6095 | D:7      | Killed Duvessa
  6114 | D:7      | Reached skill level 5 in Invocations
  6721 | D:7      | Found a shadowy altar of Dithmenos.
  6721 | D:7      | Found a shimmering blue altar of Sif Muna.
  7097 | D:8      | Noticed GreedOfGod's ghost (novice CoBe)
  7097 | D:8      | Noticed a +2 trident of chaos
  7097 | D:8      | Found a shimmering altar of Xom.
  7097 | D:8      | Found a runed translucent door.
  7110 | D:8      | Found a flagged portal.
  7128 | Bailey   | Entered a bailey
  7184 | Bailey   | Reached skill level 9 in Unarmed Combat
  7184 | Bailey   | Reached XP level 9. HP: 34/74 MP: 12/12
  7807 | Bailey   | Reached skill level 5 in Shapeshifting
  7853 | Bailey   | Noticed an orc knight
  7873 | Bailey   | Killed an orc knight
  8085 | Bailey   | Acquired the amulet of the Lost Forging Tales {Reflect rF+
                  | rCorr SH+5}
  8092 | Bailey   | Acquired 1051 gold pieces
  8106 | Bailey   | Found an iron altar of Okawaru.
  8107 | Bailey   | Noticed an orc high priest
  8107 | Bailey   | Noticed a kobold demonologist
  8109 | Bailey   | Noticed a rust devil
  8110 | Bailey   | Noticed a sun demon
  8111 | Bailey   | Noticed an orange demon
  8119 | Bailey   | Killed an orc high priest
  8120 | Bailey   | Reached skill level 10 in Unarmed Combat
  8126 | Bailey   | Killed a kobold demonologist
  8199 | Bailey   | Acquired the ring of Spring {Ice rPois rN+ MP+9}
  8291 | Bailey   | Reached XP level 10. HP: 82/86 MP: 15/15
  8497 | D:8      | Found an opulent altar of Gozag.
  8500 | D:8      | Found a hazy altar of Hepliaklqana.
  8680 | D:8      | Noticed Maurice
  8691 | D:8      | Something stole a beast talisman
  8693 | D:8      | Something stole 361 gold
  8694 | D:8      | Something stole 509 gold
  8699 | D:8      | Killed Maurice
  8836 | D:8      | Found Raangogh's Book Shop.
  8871 | D:8      | Identified the +5 ring mail of the Gardener {Str+2 Slay+3
                  | Stlth+}
  9529 | D:9      | Reached skill level 11 in Unarmed Combat
  9603 | D:9      | Found a staircase to the Lair.
  9692 | D:9      | Reached **** piety under Makhleb
 10383 | D:9      | Found a staircase to the Orcish Mines.
 10499 | Lair:1   | Entered Level 1 of the Lair of Beasts
 10499 | Lair:1   | Noticed a cane toad
 10504 | Lair:1   | Noticed a cane toad
 10510 | Lair:1   | Killed a cane toad
 10516 | Lair:1   | HP: 1/88 [yak (4)]
 10516 | Lair:1   | Mangled by a cane toad

Illustrated notes

Levels and vault maps discovered:
D:1:      ncdulo_wetmaze, layout_loops_cross,
          hellmonk_ecumenical_altar_arch_garden, serial_forest,
          infiniplex_forest_straight_2, infiniplex_forest_lined_4_way,
          infiniplex_forest_lined_3, infiniplex_forest_join,
          infiniplex_forest_side_room, infiniplex_forest_clump_tiny,
          infiniplex_forest_straight_2, infiniplex_forest_clump_double,
          infiniplex_forest_split, dk_noncrumbling_4
D:2:      layout_basic, minmay_statues_item, minmay_misc_feat_enclosed,
          st_stairs_6, chequers_serial_rivers_small_b, dk_noncrumbling_3,
          uniq_jessica
D:3:      layout_basic, minmay_misc_feat_rugged, kennysheep_path_1,
          kennysheep_cross_bottleneck
D:4:      layout_basic, temple_hall
D:5:      layout_basic, minivault_27, kennysheep_generic_room_14, uniq_ijyb
D:6:      layout_rooms
D:7:      layout_layer_cave, gammafunk_temple_overflow_wave, serial_shops,
          nicolae_shop_stone, gammafunk_ghost_grave, grunt_decor_resistance,
          uniq_duvessa
D:8:      layout_cave_pods, chequers_temple_overflow_statue_of_worship,
          ebering_ghost_xom, enter_bailey_2, serial_shops, shop_fountains,
          uniq_maurice
D:9:      layout_cave_pods, david_lair_generic, hiddenorc1_lemuel
Lair:1:   layout_roguey, nicolae_lair_run_with_the_wolves,
          infiniplex_staircase_pool, grunt_megastairs_1, uniq_erica

Skill      XL: |  1  2  3  4  5  6  7  8  9 10 |
---------------+-------------------------------+-----
Unarmed Combat | 4 5 6 7 9 10 11 | 11.7
Fighting       | 2 3 4 5 7 8 |  8.2
Invocations    | 1 2 3 5 6 7 |  7.9
Shapeshifting  | 4 5 6 |  6.7
Dodging        | |  1.7

Action                     |  1- 3 |  4- 6 |  7- 9 | 10-12 || total
---------------------------+-------+-------+-------+-------++-------
  Melee: Unarmed           |    61 |   125 |   202 |    80 ||   468
         Tailslap          |    11 |    20 |    30 |    13 ||    74
         Dagger            |    23 |    28 |       |       ||    51
 Invoke: Minor Destruction |       |     4 |    66 |    63 ||   133
         Lesser Servant of |       |       |     4 |     3 ||     7
Ability: Galvanic Breath   |       |       |     2 |     1 ||     3
  Evoke: Wand              |       |       |    14 |     5 ||    19
    Use: Scroll            |       |     6 |     9 |       ||    15
   Stab: Sleeping          |       |     1 |       |       ||     1
         Invisible         |       |       |     2 |       ||     2
 Armour: Skin              |    52 |    75 |   107 |    73 ||   307
  Dodge: Dodged            |    54 |    67 |    77 |    42 ||   240
  Block: Buckler           |     7 |    24 |    25 |    35 ||    91
         Reflection        |       |       |     1 |     3 ||     4

Table legend: (Time is in decaauts)
 A = Elapsed time spent in this place.
 B = Non-inter-level travel time spent in this place.
 C = Inter-level travel time spent in this place.
 D = Time resting spent in this place.
 E = Time spent auto-exploring this place.
 F = Levels seen in this place.
 G = Mean time per level.
                   A        B        C        D        E       F      G
               +--------+--------+--------+--------+--------+-----+--------+
         Total |  10503 |  10100 |    403 |   1018 |   7294 |  11 |  954.8 |
       Dungeon |   9196 |   8793 |    403 |    599 |   6707 |   9 | 1021.8 |
          Lair |     15 |     15 |      0 |      0 |      0 |   1 |   15.0 |
        Bailey |   1292 |   1292 |      0 |    419 |    587 |   1 | 1292.0 |
               +--------+--------+--------+--------+--------+-----+--------+

Top non-repeatable levels by time:
     D:7: 1565 daAuts
  Bailey: 1292 daAuts
     D:1: 1211 daAuts
     D:8: 1104 daAuts
     D:9: 1006 daAuts
     D:2: 1002 daAuts
     D:5: 985 daAuts
     D:4: 981 daAuts
     D:3: 813 daAuts
     D:6: 525 daAuts
  Lair:1: 15 daAuts
